AoeStats
← tico do bar

Arabia

507124240Analyzed
1v1 RM · 17d ago on Sep 16, 2026· 39m 9s· 2 players
Game mode
Random Map
Map size
Tiny (2 player)
Population
200
Speed
Normal
Resources
Standard
Victory
Conquest
Starting age
Dark Age
Ending age
Imperial Age
RankedLock teamsTeams togetherTeam positionsShared explorationLock speedFull tech treeHidden civsTurbo modeCheats
Victory
Defeat
🇧🇷 Magyars · Brazil
903
+15
🇮🇱 Vietnamese · Israel
873
-15
mcher
9:48 Feudal Age
10:16 Loom
11:07 Wheelbarrow
10:23 Double-Bit Axe
17:34 Horse Collar
22:42 Castle Age
21:11 Stone Mining
21:12 Gold Mining
21:45 Fletching
22:40 Scale Mail Armor
23:54 Squires
24:20 Hand Cart
24:25 Bow Saw
24:56 Chain Mail Armor
36:12 Imperial Age
33:44 Elite Skirmisher
34:23 Bodkin Arrow
35:03 Padded Archer Armor
35:33 Ballistics
35:38 Thumb Ring
38:18 Chemistry
37:31 Bracer
tico do bar
3:59 Loom
9:08 Feudal Age
14:59 Wheelbarrow
20:54 Castle Age
18:44 Horse Collar
18:51 Double-Bit Axe
19:19 Scale Barding Armor
21:41 Husbandry
24:00 Gold Mining
24:58 Chain Barding Armor
28:08 Crossbowman
30:35 Heavy Plow
30:47 Bow Saw
36:08 Imperial Age
36:25 Cavalier
38:33 Plate Barding Armor
Connection lost

Rejoining the realm…

Still unreachable

The connection could not be restored.

Session expired

The server has moved on; the page needs a fresh start.